 Dungeon Crawl Stone Soup version 0.30-a0-165-g1891117ce2 (webtiles) character file.

Game seed: 17316247703519636470

80 qw the Chopper (level 4, -3/28 HPs)
             Began as a Gargoyle Fighter on Sept 28, 2022.
             Killed by divine providence
             ... invoked by an orc priest
              (13 damage)
             ... on level 3 of the Dungeon.
             The game lasted 00:00:29 (1666 turns).

qw the Chopper (Gargoyle Fighter)                   Turns: 1666, Time: 00:00:30

Health: -3/28      AC: 15    Str: 22    XL:     4   Next: 39%
Magic:  4/4        EV:  7    Int:  8    God:
Gold:   103        SH:  4    Dex:  9    Spells: 3/3 levels left

rFire   . . .      SeeInvis .    Y - +0 war axe
rCold   . . .      Faith    .    c - +0 buckler
rNeg    + . .      Spirit   .    a - +0 chain mail
rPois   inf        Reflect  .    e - +2 helmet
rElec   +          Harm     .    (no cloak)
rCorr   .          Rampage  .    (no gloves)
Will    .....                    (no boots)
Stlth   ..........               (no amulet)
HPRegen 0.09/turn                (no ring)
MPRegen 0.09/turn                (no ring)

@: no status effects
A: sickness immunity, AC +3, negative energy resistance 1, electricity
resistance, torment resistance 1, petrification resistance
a: no special abilities


You were on level 3 of the Dungeon.
You visited 1 branch of the dungeon, and saw 3 of its levels.

You collected 103 gold pieces.


Innate Abilities, Weirdness & Mutations

You are immune to sickness and miasma.
Your stone body is resilient. (AC +3)
You are immune to poison.
You resist negative energy. (rN+)
You are resistant to electric shocks. (rElec)
You are resistant to unholy torment.
You are immune to petrification.


   Skills:
 - Level 3.2 Fighting
 + Level 4.1 Axes
 - Level 3.2 Armour
 - Level 3.2 Shields


You had 3 spell levels left.
You didn't know any spells.
Your spell library was empty.

Inventory:

Hand Weapons
 h - a +0 whip
 Y - a +0 war axe (weapon)
Armour
 a - a +0 chain mail (worn)
 c - a +0 buckler (worn)
 e - a +2 helmet (worn)
Scrolls
 f - 2 scrolls of enchant armour
Potions
 d - a potion of might
 g - a potion of lignification {unknown}

Dungeon Overview and Level Annotations

Branches:
Dungeon (3/15)

Altars:

Shops:
D:1 (


Message History

You feel stronger.
You barely miss the orc priest.
The orc priest is moderately wounded.
You slash the orc!
You kill the orc!
The orc priest barely misses you.
The orc priest hits you but does no damage.
You hit the orc priest.
The orc priest is moderately wounded.
You closely miss the kobold.
The orc priest hits you but does no damage.
The kobold hits you but does no damage.
You hit the orc priest but do no damage.
The orc priest is moderately wounded.
You closely miss the kobold. The kobold barely misses you.
The orc priest looks satisfied for a moment.
You closely miss the orc priest.
The orc priest is moderately wounded.
You barely miss the kobold. The orc priest barely misses you.
You block the kobold's attack.
The orc priest hits you with a +0 flail.
The kobold hits you but does no damage.
You hit the orc priest.
The orc priest is severely wounded.
You barely miss the kobold.
The orc priest calls down the wrath of Beogh upon you.
Beogh smites you! The kobold closely misses you.
You closely miss the orc priest.
The orc priest is severely wounded.
You closely miss the kobold. The kobold barely misses you.
The orc priest barely misses you.
You barely miss the orc priest.
The orc priest is severely wounded.
You barely miss the kobold.
The orc priest hits you but does no damage.
The kobold hits you but does no damage.
The orc priest calls down the wrath of Beogh upon you.
Beogh smites you!
You die...

......##..
.$........
##.........
#<.........
#....".....
#..........
...#.##o........
#.....)@K......#
#.#...#####.##.#
#.. ... #.. .. .


You could see an orc priest and a kobold.

Vanquished Creatures
  An orc wizard (D:3)
  An adder (D:2)
  A worm (D:2)
  2 dart slugs (D:2)
  An orc (D:3)
  2 bats (D:1)
  5 endoplasms (D:1)
  A giant cockroach (D:2)
  4 goblins
  7 hobgoblins
  3 kobolds (D:1)
  A quokka (D:2)
  3 ball pythons
  A frilled lizard (D:1)
  A rat (D:2)
34 creatures vanquished.

Notes
Turn   | Place    | Note
-------+----------+-------------------------------------------
     0 | D:1      | qw the Gargoyle Fighter began the quest for the Orb.
     0 | D:1      | Reached XP level 1. HP: 14/14 MP: 1/1
     0 | D:1      | 0 ||| qw: Version: 0.2-a-12-gaebbb33
     0 | D:1      | 0 ||| qw: Game counter: 756
     0 | D:1      | 0 ||| qw: Always use a shield: true
     0 | D:1      | 0 ||| qw: God list: Okawaru
     0 | D:1      | 0 ||| qw: Allow faded altars: false
     0 | D:1      | 0 ||| qw: Do Orc after D:15 true
     0 | D:1      | 0 ||| qw: Do second Lair branch before Depths: true
     0 | D:1      | 0 ||| qw: Lair rune preference: random
     0 | D:1      | 0 ||| qw: Plans: Normal, Zot:1-4, God:TSO, Crypt, Tomb,
                  | Pan, Slime:5, Hells, Abyss, Orb
     0 | D:1      | 0 ||| PLANNING D:1-11
    39 | D:1      | Reached skill level 2 in Axes
   219 | D:1      | 219 ||| Stepping ~*~*~tactically~*~*~ (stealth).
   220 | D:1      | 220 ||| Stepping ~*~*~tactically~*~*~ (stealth).
   221 | D:1      | 221 ||| Stepping ~*~*~tactically~*~*~ (stealth).
   361 | D:1      | Reached XP level 2. HP: 19/19 MP: 2/2
   545 | D:1      | 545 ||| Stepping ~*~*~tactically~*~*~ (stealth).
   550 | D:1      | 550 ||| Stepping ~*~*~tactically~*~*~ (stealth).
   617 | D:1      | Reached skill level 3 in Axes
   653 | D:1      | 653 ||| DROPPING +0 club.
   725 | D:1      | Found Xuojugeb's Antique Weapon Boutique.
   788 | D:1      | Found a faded altar of an unknown god.
   925 | D:1      | 925 ||| READING scroll labelled SEKLASH NUDYSCH.
   926 | D:1      | 926 ||| READING 4 scrolls labelled TOJESK BETSAEZ.
   957 | D:2      | 957 ||| Stepping ~*~*~tactically~*~*~ (hiding).
   960 | D:2      | 960 ||| Stepping ~*~*~tactically~*~*~ (hiding).
   965 | D:2      | Reached XP level 3. HP: 23/23 MP: 3/3
  1155 | D:2      | 1155 ||| Stepping ~*~*~tactically~*~*~ (hiding).
  1608 | D:2      | 1608 ||| UPGRADING to +0 chain mail.
  1618 | D:2      | 1618 ||| DROPPING +0 scale mail.
  1619 | D:2      | 1619 ||| UPGRADING to +0 helmet.
  1624 | D:2      | 1624 ||| READING 4 scrolls of enchant armour.
  1624 | D:2      | 1624 ||| ENCHANTING +0 helmet.
  1625 | D:2      | 1625 ||| READING 3 scrolls of enchant armour.
  1625 | D:2      | 1625 ||| ENCHANTING +1 helmet.
  1660 | D:3      | Reached skill level 4 in Axes
  1660 | D:3      | Reached XP level 4. HP: 26/28 MP: 4/4
  1666 | D:3      | Killed from afar by an orc priest

Levels and vault maps discovered:
D:1:      dpeg_arrival_orchard, layout_loops_ring,
          ebering_ecumenical_altar_mist, serial_shops, nicolae_lakefront_shop
D:2:      layout_rooms
D:3:      layout_rooms

Skill      XL: |  1  2  3 |
---------------+----------+-----
Axes           | 2 3 4 |  4.1
Fighting       | |  3.2
Armour         | |  3.2
Shields        | |  3.2

Action                   |  1- 3 |  4- 6 || total
-------------------------+-------+-------++-------
Melee: War axe           |    92 |     7 ||    99
  Use: Scroll            |     4 |       ||     4
Armor: Scale mail        |    38 |       ||    38
       Chain mail        |       |     6 ||     6
Dodge: Dodged            |    34 |     6 ||    40
Block: Buckler           |    12 |     1 ||    13

Table legend:
 A = Non-vault XP
 B = Vault XP
 C = Vault XP percentage of total XP
 D = Non-vault monster count
 E = Vault monster count
 F = Vault count percentage of total count
                 A         B        C        D         E       F
            +---------+---------+-------+---------+---------+-------
      Total |     115 |       0 |   0.0 |      34 |       0 |   0.0
            +---------+---------+-------+---------+---------+-------
        D:1 |      32 |       0 |   0.0 |      18 |       0 |   0.0
        D:2 |      45 |       0 |   0.0 |      14 |       0 |   0.0
        D:3 |      38 |       0 |   0.0 |       2 |       0 |   0.0
            +---------+---------+-------+---------+---------+-------
